 Dungeon Crawl Stone Soup version 0.29-a0-717-g6dac4ea423 (webtiles) character file.

Game seed: 12042746982695473431

5 Shayle the Gusty (level 1, 0/16 HPs)
             Began as an Ogre Air Elementalist on June 26, 2022.
             Slain by a hobgoblin (3 damage)
             ... on level 1 of the Dungeon.
             The game lasted 00:00:50 (577 turns).

Shayle the Gusty (Ogre Air Elementalist)             Turns: 577, Time: 00:00:50

Health: 0/16       AC:  3    Str: 11    XL:     1   Next: 80%
Magic:  4/4        EV:  9    Int: 16    God:
Gold:   33         SH:  0    Dex:  9    Spells: 4/5 levels left

rFire   . . .      SeeInvis .   (no weapon)
rCold   . . .      Faith    .   (no shield)
rNeg    . . .      Spirit   .   a - +0 robe
rPois   .          Reflect  .   (helmet restricted)
rElec   .          Harm     .   (no cloak)
rCorr   .          Rampage  .   (gloves unavailable)
Will    .....                   (boots unavailable)
Stlth   +.........              (no amulet)
HPRegen 0.05/turn               (no ring)
MPRegen 0.09/turn               (no ring)

@: no status effects
A: large, unfitting armour, tough skin 1
a: no special abilities


You were on level 1 of the Dungeon.
You visited 1 branch of the dungeon, and saw 1 of its levels.

You collected 33 gold pieces.

Inventory:

Armour
 a - a +0 robe (worn)
Scrolls
 c - a scroll of identify {unknown}
 d - a scroll of silence {unknown}
Potions
 b - a potion of magic


   Skills:
 + Level 1.9 Dodging
 - Level 1.4 Stealth
 + Level 0.2 Unarmed Combat
 + Level 2.5 Spellcasting
 + Level 1.0 Conjurations
 + Level 2.7 Air Magic


You had 4 spell levels left.
You knew the following spells:

 Your Spells              Type           Power      Damage    Failure   Level
a - Shock                 Conj/Air       32%        1d5       9%          1

Your spell library contained the following spells:

 Spells                   Type           Power      Damage    Failure   Level
 Static Discharge         Conj/Air       8%         N/A       14%         2
 Swiftness                Air            10%        N/A       19%         3
 Airstrike                Air            5%         N/A       54%         4


Dungeon Overview and Level Annotations

Branches:
Dungeon (1/15)

Altars:


Innate Abilities, Weirdness & Mutations

You are too large for most types of armour.
You have tough skin. (AC +1)


Message History

You miss the bat. Your punch misses the bat.
The bat hits you but does no damage. x2
You closely miss the bat. The bat hits you but does no damage. x2
You closely miss the bat. The bat hits you.
You barely miss the bat. The bat barely misses you.
The bat hits you but does no damage.
You hit the bat but do no damage. The bat hits you but does no damage.
You closely miss the bat. The bat hits you but does no damage.
You closely miss the bat. The bat hits you. The bat misses you.
You hit the bat.
The bat is moderately wounded.
The bat barely misses you. x2
You closely miss the bat.
The bat is moderately wounded.
The bat hits you. The bat hits you but does no damage.
You hit the bat.
The bat is heavily wounded.
The bat closely misses you. The bat barely misses you.
You hit the bat.
You kill the bat!
You closely miss the hobgoblin.
The hobgoblin hits you but does no damage.
You barely miss the hobgoblin.
The hobgoblin hits you but does no damage.
You closely miss the hobgoblin. The hobgoblin hits you.
You closely miss the hobgoblin. The hobgoblin hits you.
You closely miss the hobgoblin. The hobgoblin closely misses you.
You hit the hobgoblin but do no damage.
The hobgoblin hits you but does no damage.
You hit the hobgoblin but do no damage. You punch the hobgoblin.
The hobgoblin is severely wounded.
The hobgoblin hits you but does no damage.
You hit the hobgoblin.
The hobgoblin is almost dead.
The hobgoblin hits you.
* * * LOW HITPOINT WARNING * * *
You closely miss the hobgoblin.
The hobgoblin is almost dead.
The hobgoblin hits you.
You die...

...+ .)# #### >..# ### #.#
+.... #..# #.# #.### #..g
#..# #.# #.#.. #$...#..# #.#
#.#.# #....#..# #.# #.#.#
#....'..# #.###.#.#
#..#####.#..†..#
#...g@...#.#.###
##.####......#
#.....#..#...#### ###
#..##.#..#..(...# ..####
#[.##.#..#...##.# .....####
#............##.# #.......##
##.#............#
####.(...## #.##.##.##.##..#
...###....###.##.#...#.##..#


You could see a hobgoblin.

Vanquished Creatures
  A bat (D:1)
  An endoplasm (D:1)
  2 frilled lizards (D:1)
  2 rats (D:1)
6 creatures vanquished.

Notes
Turn   | Place    | Note
-------+----------+-------------------------------------------
     0 | D:1      | Shayle the Ogre Air Elementalist began the quest for the
                  | Orb.
     0 | D:1      | Reached XP level 1. HP: 16/16 MP: 3/3
   479 | D:1      | Reached skill level 1 in Conjurations
   577 | D:1      | Slain by a hobgoblin

Illustrated notes

Levels and vault maps discovered:
D:1:      dpeg_arrival_circle_labyrinth_c, layout_basic

Skill      XL: |  1 |
---------------+----+-----
Conjurations   | 1 |  1.0
Dodging        | |  1.9
Stealth        | |  1.4
Unarmed Combat | |  0.2
Spellcasting   | |  2.5
Air Magic      | |  2.7

Action                   || total
-------------------------++-------
Melee: Unarmed           ||    53
       Punch             ||     1
Armor: Robe              ||    22
Dodge: Dodged            ||    22

Table legend: (Time is in decaauts)
 A = Elapsed time spent in this place.
 B = Non-inter-level travel time spent in this place.
 C = Inter-level travel time spent in this place.
 D = Time resting spent in this place.
 E = Time spent auto-exploring this place.
 F = Levels seen in this place.
 G = Mean time per level.
                   A        B        C        D        E       F      G
               +--------+--------+--------+--------+--------+-----+--------+
         Total |    576 |    576 |      0 |    238 |    222 |   1 |  576.0 |
       Dungeon |    576 |    576 |      0 |    238 |    222 |   1 |  576.0 |
               +--------+--------+--------+--------+--------+-----+--------+

Top non-repeatable levels by time:
     D:1: 576 daAuts
